 Dungeon Crawl Stone Soup version 0.25-a0-942-g87a53962fc (webtiles) character file.

Game seed: 12229556394783089300, levelgen mode: deterministic

168 Flugslaktarn the Shield-Bearer (level 5, -11/47 HPs)
             Began as a Minotaur Fighter on May 6, 2020.
             Mangled by an ogre
             ... wielding a +0 giant club
              (15 damage)
             ... on level 4 of the Dungeon.
             The game lasted 00:01:08 (2242 turns).

Flugslaktarn the Shield-Bearer (Minotaur Fighter)   Turns: 2242, Time: 00:01:09

Health: -11/47     AC: 13    Str: 21    XL:     5   Next: 23%
Magic:  4/4        EV:  4    Int:  5    God:
Gold:   114        SH:  9    Dex: 10    Spells: 4/4 levels left

rFire    . . .     SeeInvis .   a - +0 war axe
rCold    . . .     Gourm    .   c - +0 kite shield
rNeg     . . .     Faith    .   m - +0 plate armour
rPois    .         Spirit   .   (helmet restricted)
rElec    .         Reflect  .   j - +0 cloak
rCorr    .         Harm     .   (no gloves)
MR       .....                  (no boots)
Stlth    ..........             (no amulet)
HPRegen  0.15/turn              (no ring)
MPRegen  0.09/turn              (no ring)

@: no status effects
A: retaliatory headbutt, horns 2
a: no special abilities


You were on level 4 of the Dungeon.
You were hungry.

You visited 1 branch of the dungeon, and saw 4 of its levels.

You collected 114 gold pieces.

Inventory:

Hand Weapons
 a - a +0 war axe (weapon)
Armour
 b - a +0 scale mail
 c - a +0 kite shield (worn)
 j - a +0 cloak (worn)
   (You found it on level 1 of the Dungeon)
 m - a +0 plate armour (worn)
   (You found it on level 2 of the Dungeon)
Jewellery
 r - an uncursed ring of wizardry {unknown}
   (You found it on level 3 of the Dungeon)
Scrolls
 h - 4 scrolls of identify {unknown}
 i - 2 scrolls of remove curse {unknown}
 k - 2 scrolls of teleportation {unknown}
 l - a scroll of noise {unknown}
 q - a scroll of enchant weapon {unknown}
Potions
 d - a potion of might
 f - a potion of cancellation {unknown}
 g - a potion of stabbing {unknown}
 n - a potion of lignification {unknown}
 o - 2 potions of degeneration {unknown}
 p - a potion of curing {unknown}
Comestibles
 e - 3 rations


   Skills:
 + Level 4.5 Fighting
 * Level 4.5 Axes
 + Level 4.5 Armour
 + Level 4.6 Shields


You had 4 spell levels left.
You didn't know any spells.
Your spell library was empty.

Dungeon Overview and Level Annotations

Branches:
Dungeon (4/15)
 Temple: D:4-7

Altars:
Vehumet
Yredelemnul

Annotations:
D:4 Natasha


Innate Abilities, Weirdness & Mutations

You reflexively headbutt those who attack you in melee.
You have a pair of horns on your head.


Message History

You hit the ogre.
The ogre is almost dead.
You closely miss Natasha. You hit the jackal. You closely miss the jackal.
You block the jackal's attack.
The jackal stops to sniff the ground.
The jackal bites you but does no damage.
Natasha mumbles some strange words.
You block the ogre's attack.
The jackal bites you but does no damage. x2
Unknown command.
You hit the ogre but do no damage. Your headbutt misses the ogre.
The ogre is almost dead.
You barely miss Natasha. You closely miss the jackal. You slash the jackal!
You kill the jackal!
Natasha stares at you and mumbles some strange words.
The magic dart hits you.
* * * LOW HITPOINT WARNING * * *
The jackal bites you but does no damage.
The ogre hits you with a +0 giant club!
You die...

#... ...#
#...
#...#######
#....5....#
#.........#
#....h....#
#...O@h...#
#...##†...#
#.. ....#
#. ....# #
....#
.....#
.....#
.....#


You could see an ogre, Natasha, a crimson imp and a jackal.

Vanquished Creatures
  A scorpion (D:3)
  2 adders
  2 oozes (D:2)
  4 worms
  4 dart slugs
  5 giant cockroaches
  15 goblins
  7 hobgoblins
  6 jackals
  6 kobolds
  A ball python (D:2)
  9 bats
  6 frilled lizards
  8 rats
76 creatures vanquished.

Notes
Turn   | Place    | Note
-------+----------+-------------------------------------------
     0 | D:1      | Flugslaktarn the Minotaur Fighter began the quest for the
                  | Orb.
     0 | D:1      | Reached XP level 1. HP: 19/19 MP: 0/0
    80 | D:1      | Reached XP level 2. HP: 20/27 MP: 1/1
   365 | D:1      | Reached XP level 3. HP: 26/33 MP: 2/2
   929 | D:2      | Found a basalt altar of Yredelemnul.
   930 | D:2      | Found a radiant altar of Vehumet.
  1093 | D:2      | Reached XP level 4. HP: 40/40 MP: 3/3
  1505 | D:3      | Reached XP level 5. HP: 47/47 MP: 4/4
  2234 | D:4      | Noticed Natasha
  2234 | D:4      | Noticed an ogre
  2242 | D:4      | Mangled by an ogre

Levels and vault maps discovered:
D:1:      dpeg_arrival_erosion, layout_basic
D:2:      layout_basic, chequers_temple_overflow_statue_of_worship, first_ration
D:3:      layout_loops_corners, chequers_serial_rivers_micro_b
D:4:      layout_gridville, okawaru_altar_gauntlet_db, uniq_natasha

Skill      XL: |  1  2  3  4 |
---------------+-------------+-----
Axes           | 3 4 |  4.5
Fighting       | 4 |  4.5
Shields        | 4 |  4.6
Armour         | 4 |  4.5

Action                   |  1- 3 |  4- 6 || total
-------------------------+-------+-------++-------
Melee: War axe           |   101 |    68 ||   169
       Headbutt          |    13 |     9 ||    22
  Eat: Chunk             |     1 |     3 ||     4
Armor: Scale mail        |    58 |       ||    58
       Plate armour      |       |    60 ||    60
Dodge: Dodged            |    30 |    10 ||    40
Block: Kite shield       |    64 |    44 ||   108

Table legend:
 A = Non-vault XP
 B = Vault XP
 C = Vault XP percentage of total XP
 D = Non-vault monster count
 E = Vault monster count
 F = Vault count percentage of total count
                 A         B        C        D         E       F
            +---------+---------+-------+---------+---------+-------
      Total |     240 |       0 |   0.0 |      76 |       0 |   0.0
            +---------+---------+-------+---------+---------+-------
        D:1 |      57 |       0 |   0.0 |      34 |       0 |   0.0
        D:2 |      62 |       0 |   0.0 |      20 |       0 |   0.0
        D:3 |     117 |       0 |   0.0 |      20 |       0 |   0.0
        D:4 |       4 |       0 |   0.0 |       2 |       0 |   0.0
            +---------+---------+-------+---------+---------+-------
